[Event "*** SCC Grand Prix: Titled Tuesday Blitz"]
[Site "Chess.com"]
[Date "2020.06.23"]
[Round "6"]
[White "Chernobay_Artem"]
[Black "Makswolf200817"]
[Result "0-1"]
[WhiteElo "2587"]
[BlackElo "2431"]
[TimeControl "180+1"]
[EndTime "11:05:38 PDT"]
[Termination "Makswolf200817 won on time"]

1. e4 e6 2. d4 d5 3. Nc3 Bb4 4. e5 c5 5. a3 Bxc3+ 6. bxc3 Qa5 7. Bd2 Qa4 8. Nf3 Ne7 9. Qb1 c4 10. h4 Nbc6 11. g3 Bd7 12. Bh3 O-O-O 13. O-O h5 14.
Ng5 Rdf8 15. Qb2 b6 16. Rfb1 Nf5 17. Qc1 f6 18. exf6 gxf6 19. Nf3 Rhg8 20. Kh2 Kb7 21. Bf4 Re8 22. Qd1 Rg7 23. Ne1 e5 24. dxe5 fxe5 25.
Bg5 d4 26. Qxh5 Rf8 27. Bg2 dxc3 28. Nf3 Kc8 29. Ra2 Rgf7 30. Re1 Nfd4 31. Nxe5 Nxe5 32.
Rxe5 Rxf2 0-1

[Event "*** SCC Grand Prix: Titled Tuesday Blitz"]
[Site "Chess.com"]
[Date "2020.06.23"]
[Round "6"]
[White "ArnieChipmunk"]
[Black "PawnEatingZombie"]
[Result "1-0"]
[WhiteElo "2329"]
[BlackElo "2100"]
[TimeControl "180+1"]
[EndTime "11:05:38 PDT"]
[Termination "ArnieChipmunk won on time"]

1. e4 c6 2. Nc3 d5 3. Nf3 dxe4 4.
Nxe4 Nf6 5. Nxf6+ exf6 6. d4 Bd6 7. Bd3 O-O 8. O-O Re8 9. Be3 Nd7 10. Qd2 Nf8 11.
Rfe1 Ng6 12. c4 Qc7 13. c5 Bf4 14. Bc4 Be6 15. Rac1 Rad8 16. b4 Bg4 17. Be2 Bxf3 18. Bxf3 Bxh2+ 19. Kh1 Bf4 20. a4 f5 21. b5 Bxe3 22.
Rxe3 f4 23. Rxe8+ Rxe8 24. Re1 Rd8 25. Re4 Qd7 26. Qe1 f5 27. bxc6 bxc6 28. Re6 Qxd4 29. Rxc6 Nh4 30. Qe6+ Kh8 31. Rd6 Qa1+ 32. Kh2 Nxf3+ 33.
gxf3 Rf8 34. c6 Qb2 35. Kg2 1-0

[Event "*** SCC Grand Prix: Titled Tuesday Blitz"]
[Site "Chess.com"]
[Date "2020.06.23"]
[Round "6"]
[White "mr65"]
[Black "nitpicker"]
[Result "0-1"]
[WhiteElo "2077"]
[BlackElo "2163"]
[TimeControl "180+1"]
[EndTime "11:05:38 PDT"]
[Termination "nitpicker won on time"]

1. e4 d5 2. exd5 Qxd5 3. Nc3 Qd8 4. Nf3 Nf6 5. Bc4 Bf5 6. h3 e6 7. d3 h6 8. O-O c6 9. Re1 Bd6 10. Ne4 Nxe4 11. dxe4 Bxe4 12. Be3 O-O 13. Bd4 Bg6 14. c3 Qc7 15. Be5 Rd8 16. Bxd6 Qxd6 17. Qe2 Nd7 18. Rad1 Qe7 19. Nd4 Nb6 20. Bb3 Nd5 21. Qg4 Qf6 22.
Rd3 Nf4 23. Rf3 e5 24. Ne2 Be4 25. Rxf4 exf4 26. Nxf4 Bf5 27. Qg3 Qg5 0-1

[Event "*** SCC Grand Prix: Titled Tuesday Blitz"]
[Site "Chess.com"]
[Date "2020.06.23"]
[Round "6"]
[White "Sanan_Sjugirov"]
[Black "Dedic8"]
[Result "1-0"]
[WhiteElo "2879"]
[BlackElo "2777"]
[TimeControl "180+1"]
[EndTime "11:05:39 PDT"]
[Termination "Sanan_Sjugirov won on time"]

1. e4 e5 2. Nf3 Nc6 3. Bb5 a6 4. Ba4 Nf6 5. O-O Be7 6. Re1 b5 7. Bb3 O-O 8. a4 b4 9. d4 d6 10. dxe5 Nxe5 11. Nbd2 Nfd7 12. h3 Bb7 13. Nxe5 Nxe5 14.
Nf1 Kh8 15. Ng3 Bg5 16. Qh5 Bxc1 17. Raxc1 Qf6 18. Rcd1 a5 19. Qf5 Qxf5 20. Nxf5 Rae8 21. f3 g6 22. Ne3 Nd7 23. Bd5 Bxd5 24. Rxd5 Nc5 25.
b3 f5 26. exf5 gxf5 27. Kf2 f4 28. Nc4 Rxe1 29. Kxe1 Ra8 30. Rf5 Kg7 31. Rxf4 d5 32. Ne3 c6 33. Kd2 Ne6 34. Rg4+ Kf6 35. Rh4 Kg6 36. f4 Rf8 37. f5+ Kg5 38. Rg4+ 1-0

[Event "*** SCC Grand Prix: Titled Tuesday Blitz"]
[Site "Chess.com"]
[Date "2020.06.23"]
[Round "6"]
[White "OhanyanEminChess"]
[Black "Supernotar"]
[Result "0-1"]
[WhiteElo "2536"]
[BlackElo "2801"]
[TimeControl "180+1"]
[EndTime "11:05:39 PDT"]
[Termination "Supernotar won on time"]

1. e4 c6 2. d4 d5 3. Nc3 dxe4 4. Nxe4 Bf5 5. Ng3 Bg6 6. h4 h6 7. Nf3 Nd7 8. h5 Bh7 9. Bd3 Bxd3 10. Qxd3 e6 11.
Bd2 Ngf6 12. O-O-O Be7 13. Ne4 Nxe4 14. Qxe4 Nf6 15. Qe2 Qd5 16. c4 Qe4 17. Qxe4 Nxe4 18. Be3 f5 19. Rhe1 Bf6 20. Nd2 Nxd2 21. Rxd2 Rd8 22.
Bf4 Kf7 23. Be5 Rd7 24. f4 Rhd8 25. Red1 Be7 26. Kc2 Rg8 27. d5 cxd5 28. cxd5 Rxd5 29. Rxd5 exd5 30. Rxd5 Ke6 31. Rd3 g6 32. hxg6 Rxg6 33. g3 h5 34. Re3 Kd5 35. Rd3+ Ke4 36. Kd2 Bc5 37. Rd7 Rxg3 38. Rxb7 h4 39. Rh7 h3 40.
Ke2 Rg2+ 41. Kf1 Rf2+ 42. Ke1 h2 43. Bd6 Bb6 44. Bc7 Be3 45. Re7+ Kf3 0-1

[Event "*** SCC Grand Prix: Titled Tuesday Blitz"]
[Site "Chess.com"]
[Date "2020.06.23"]
[Round "6"]
[White "Shankovskyi"]
[Black "SamuelGhimpu2003"]
[Result "0-1"]
[WhiteElo "2460"]
[BlackElo "2596"]
[TimeControl "180+1"]
[EndTime "11:05:39 PDT"]
[Termination "SamuelGhimpu2003 won by resignation"]

1. e4 e6 2. d4 d5 3. Nc3 Nf6 4. Bg5 dxe4 5. Nxe4 Nbd7 6. Bd3 h6 7. Bh4 Be7 8. Nf3 Nxe4 9. Bxe7 Nxf2 10. Bxd8 Nxd1 11. Bxc7 Nxb2 12. Be2 Na4 13. Kd2 Nab6 14. c4 O-O 15. a4 Nf6 16. a5 Nbd7 17. Bd3 Re8 18. Rhb1 Nb8 19. Ne5 Nc6 20. Nf3 Re7 21. Bd6 Rd7 22.
Bc5 Rd8 23. Kc3 Rb8 24. h3 Bd7 25. Ne5 a6 26. Bb6 Rdc8 27. Bc5 Nxe5 28. dxe5 Rxc5 29.
exf6 gxf6 30. Kd4 Rc7 31. c5 e5+ 32. Kd5 Bc6+ 33. Kc4 Rd8 34. Rb4 Bb5+ 35. Rxb5 axb5+ 36. Kc3 0-1

[Event "*** SCC Grand Prix: Titled Tuesday Blitz"]
[Site "Chess.com"]
[Date "2020.06.23"]
[Round "6"]
[White "ChessWarrior7197"]
[Black "Enki007"]
[Result "0-1"]
[WhiteElo "2893"]
[BlackElo "2711"]
[TimeControl "180+1"]
[EndTime "11:05:40 PDT"]
[Termination "Enki007 won by resignation"]

1. e4 c6 2. d4 d5 3. exd5 cxd5 4. Bd3 Nc6 5. c3 Qc7 6. h3 g6 7.
Nf3 Bf5 8. O-O Bxd3 9. Qxd3 Bg7 10. g3 Nf6 11. Bf4 Qc8 12. Kg2 O-O 13. Nbd2 Re8 14. h4 a6 15. a4 Qf5 16. Qe2 Nh5 17. Be3 e5 18. dxe5 Nxe5 19. Nxe5 Rxe5 20. Nf3 Qg4 21. Kh2 Rae8 22. Nd4 Nf6 23. Qd3 Qd7 24. Bf4 Re4 25. f3 Rxf4 26. gxf4 Nh5 27. Rfe1 Rxe1 28.
Rxe1 Nxf4 29. Qf1 Bxd4 30. cxd4 Qxa4 31. Rc1 Qxd4 32. Rc2 Ne6 33. Qf2 Qf4+ 34. Qg3 Qe3 35. h5 Kg7 36. f4 Qe4 37. Qh4 Qxc2+ 0-1

[Event "*** SCC Grand Prix: Titled Tuesday Blitz"]
[Site "Chess.com"]
[Date "2020.06.23"]
[Round "6"]
[White "Moon_stone123"]
[Black "Gerasimenyuk_Miha"]
[Result "1-0"]
[WhiteElo "2465"]
[BlackElo "2321"]
[TimeControl "180+1"]
[EndTime "11:05:40 PDT"]
[Termination "Moon_stone123 won by resignation"]

1. e4 c6 2. Nc3 d5 3. Nf3 dxe4 4. Nxe4 Nf6 5. Qe2 Bf5 6. Nxf6+ gxf6 7. d4 h5 8. c3 h4 9. h3 Nd7 10. Be3 Nb6 11. Qd2 Nd5 12. Bd3 Qd7 13. O-O-O O-O-O 14. Kb1 Bxd3+ 15. Qxd3 e6 16. Rhe1 Bh6 17. Bxh6 Rxh6 18.
Qd2 Rh7 19. c4 Nb6 20. b3 Rg8 21. Rg1 Qc7 22. Qd3 Rh5 23. Qe4 f5 24. Qe2 Qf4 25.
Ne5 Qe4+ 26. Qxe4 fxe4 27. Nxf7 Rf8 28. Nd6+ Kc7 29. Nxe4 e5 30. dxe5 Rxe5 31. f3 Nd7 32.
Rd2 Nc5 33. Nxc5 Rxc5 34. Re1 Rg5 35. Re4 Rfg8 36. Rg4 Rxg4 37. hxg4 Re8 38. Kc2 Kb6 39. b4 a5 40. a3 Re1 41. Rd7 a4 42. c5+ Kb5 43. Rxb7+ Kc4 44. b5 cxb5 45. c6 Re6 46. c7 Rc6 47. g5 Kd5+ 48. Kb2 Ke6 49. Rb6 1-0

[Event "*** SCC Grand Prix: Titled Tuesday Blitz"]
[Site "Chess.com"]
[Date "2020.06.23"]
[Round "6"]
[White "TST2014"]
[Black "BocharovD"]
[Result "1-0"]
[WhiteElo "2531"]
[BlackElo "2709"]
[TimeControl "180+1"]
[EndTime "11:05:41 PDT"]
[Termination "TST2014 won by resignation"]

1. d4 Nf6 2. c4 e6 3. Nf3 d5 4. Nc3 c6 5. e3 Nbd7 6. Qc2 Bd6 7. Be2 O-O 8. O-O dxc4 9. a4 Qe7 10. a5 Rb8 11. Bxc4 b5 12. axb6 axb6 13. e4 b5 14.
Bb3 e5 15. d5 c5 16. Qe2 c4 17. Bc2 Nc5 18. Ra5 Bd7 19. Bg5 h6 20. Bh4 Rfc8 21. Rfa1 g5 22. Nxg5 hxg5 23. Bxg5 Kg7 24. Nd1 Qf8 25.
R1a3 Nh7 26. Qh5 Kh8 27. Rg3 f6 28. Bh6 Qe7 29. Bg7+ Qxg7 30. Rxg7 Kxg7 31. Ra7 Rb7 32. Ra3 Be8 33. Qg4+ 1-0

[Event "*** SCC Grand Prix: Titled Tuesday Blitz"]
[Site "Chess.com"]
[Date "2020.06.23"]
[Round "6"]
[White "Logman74"]
[Black "bgfbfbgfbgfgf"]
[Result "0-1"]
[WhiteElo "2470"]
[BlackElo "2616"]
[TimeControl "180+1"]
[EndTime "11:05:42 PDT"]
[Termination "bgfbfbgfbgfgf won on time"]

1. e4 c5 2. Nf3 d6 3. d4 c4 4. Bxc4 Nf6 5. Nc3 a6 6. O-O b5 7. Bb3 Bb7 8. e5 dxe5 9. Nxe5 e6 10. Bg5 Be7 11. Re1 O-O 12. Qe2 Qxd4 13. Rad1 Qb6 14.
Nxf7 Rxf7 15. Bxe6 Nc6 16. Bxf6 Bxf6 17. Nd5 Qd8 18. Qh5 Qe8 19. Nc7 Qf8 20. Nxa8 Bxa8 21. Rd7 Be7 22. Bxf7+ Qxf7 23. Rexe7 Qxh5 24. Rxg7+ Kh8 25.
g4 Qh6 26. g5 Qxg7 0-1

[Event "*** SCC Grand Prix: Titled Tuesday Blitz"]
[Site "Chess.com"]
[Date "2020.06.23"]
[Round "6"]
[White "JoachimMouhamad"]
[Black "GMJustin"]
[Result "1-0"]
[WhiteElo "2452"]
[BlackElo "2263"]
[TimeControl "180+1"]
[EndTime "11:05:42 PDT"]
[Termination "JoachimMouhamad won on time"]

1. e4 e5 2. Nf3 Nf6 3. Nc3 Nc6 4. Bb5 Nd4 5. Ba4 Bc5 6. d3 O-O 7. O-O d6 8. h3 h6 9. Nxd4 Bxd4 10. Ne2 Bb6 11.
Ng3 Nd7 12. c3 Nc5 13. Bc2 Kh7 14. d4 Ne6 15. Nf5 Qf6 16. f4 g6 17. fxe5 dxe5 18.
Nxh6 Qg7 19. Kh1 exd4 20. e5 dxc3 21. Qh5 Nd4 22. Nxf7+ Kg8 23. Bxg6 1-0

[Event "*** SCC Grand Prix: Titled Tuesday Blitz"]
[Site "Chess.com"]
[Date "2020.06.23"]
[Round "6"]
[White "Andreikka"]
[Black "Zkid"]
[Result "1-0"]
[WhiteElo "2940"]
[BlackElo "2724"]
[TimeControl "180+1"]
[EndTime "11:05:43 PDT"]
[Termination "Andreikka won by resignation"]

1. c4 e5 2. Nc3 Nc6 3. Nf3 f5 4.
g3 g6 5. Bg2 e4 6. Ng1 Nf6 7. Nh3 Bg7 8. O-O O-O 9. d3 exd3 10.
Qxd3 d6 11. Nf4 Kh8 12. b3 Ne4 13. Nfd5 Ne5 14. Qc2 c6 15. Nxe4 cxd5 16. Nc3 dxc4 17. Rd1 Be6 18. Bxb7 Rb8 19. Bd5 Bxd5 20. Nxd5 Qc8 21.
Be3 a6 22. Bd4 cxb3 23. Qxc8 Rfxc8 24. axb3 Rxb3 25. Rxa6 Nc4 26. Bxg7+ Kxg7 27. Ra7+ Kf8 28. Rxh7 Re8 29. Ra1 Rxe2 30. Ra8+ Re8 31. Rh8+ Kg7 1-0

[Event "*** SCC Grand Prix: Titled Tuesday Blitz"]
[Site "Chess.com"]
[Date "2020.06.23"]
[Round "6"]
[White "Manukyan_Artak"]
[Black "korbul"]
[Result "0-1"]
[WhiteElo "2338"]
[BlackElo "2499"]
[TimeControl "180+1"]
[EndTime "11:05:43 PDT"]
[Termination "korbul won by resignation"]

1. e4 c5 2. Nf3 e6 3. c3 Nf6 4. e5 Nd5 5. d4 cxd4 6. cxd4 d6 7.
Nc3 Nxc3 8. bxc3 Qc7 9. Bd2 Nd7 10. Bb5 a6 11. Bxd7+ Bxd7 12. O-O d5 13. a4 h6 14. Qb3 Be7 15. Bc1 O-O 16. Ba3 Bxa3 17. Qxa3 Rac8 18. Rfc1 b5 19. axb5 Bxb5 20. h4 Qc4 21. Qb2 Qd3 22. Qd2 Qe4 23. Qe3 Qg4 24. g3 Rc6 25. Nh2 Qf5 26.
Ra3 Rfc8 27. Nf1 Bd3 28. Qf4 Qxf4 29. gxf4 Bxf1 30. Kxf1 g6 31. Ke2 Rb8 32. Rc2 Rb1 33. Rca2 Rh1 34. Kd2 Rxh4 35. Rxa6 Rxa6 36. Rxa6 Rxf4 37.
Ke3 Re4+ 38. Kd3 Re1 39. Kd2 Rb1 40. Ra2 h5 41. Rc2 h4 42. c4 dxc4 43. Rxc4 h3 44. d5 h2 0-1

[Event "*** SCC Grand Prix: Titled Tuesday Blitz"]
[Site "Chess.com"]
[Date "2020.06.23"]
[Round "6"]
[White "ARTHURMOTIVATOR"]
[Black "profofchess"]
[Result "0-1"]
[WhiteElo "2335"]
[BlackElo "2382"]
[TimeControl "180+1"]
[EndTime "11:05:43 PDT"]
[Termination "profofchess won by resignation"]

1. e4 e6 2. b3 d5 3. Bb2 Nf6 4. e5 Nfd7 5. Qg4 g6 6. f4 c5 7. Nf3 Nc6 8. Be2 a6 9. Na3 b5 10. c3 c4 11. Nc2 Qb6 12. Ncd4 Nxd4 13. cxd4 a5 14. O-O a4 15. bxc4 dxc4 16. Ng5 Bb7 17. Bf3 a3 18. Bc3 b4 19. Rab1 Ra5 20. Ba1 Rb5 21.
Bxb7 Qxb7 22. Qe2 Nb6 23. Ne4 Be7 24. g4 Qd5 25. g5 Kd7 26. Rfc1 Rc8 27. Rc2 b3 28.
axb3 cxb3 29. Rxc8 Nxc8 30. Nc3 Qxd4+ 31. Kf1 Qxf4+ 32.
Ke1 Rxe5 0-1

[Event "*** SCC Grand Prix: Titled Tuesday Blitz"]
[Site "Chess.com"]
[Date "2020.06.23"]
[Round "6"]
[White "luizwas"]
[Black "TheLawAdv"]
[Result "0-1"]
[WhiteElo "1804"]
[BlackElo "2015"]
[TimeControl "180+1"]
[EndTime "11:05:43 PDT"]
[Termination "TheLawAdv won by resignation"]

1. e4 c5 2. Nf3 d6 3. d4 cxd4 4. Nxd4 Nf6 5. Nc3 e5 6. Nb3 a5 7. Be2 Be7 8. O-O a4 9. Nd2 O-O 10. Kh1 Nc6 11. Nc4 Nxe4 12. Nxe4 d5 13. Ng3 dxc4 14.
Bxc4 Qc7 15. c3 Kh8 16. Qe2 f5 17. f3 a3 18. b3 Bd7 19. Bd2 Be8 20. Rae1 h5 21.
Qd3 Rd8 22. Qc2 b5 23. Bd3 Qd7 24. Bxf5 Qxd2 25. Qe4 h4 26. Qg4 hxg3 27. hxg3 Rd6 28. Kg1 Rh6 29. Re4 Bc5+ 0-1

[Event "*** SCC Grand Prix: Titled Tuesday Blitz"]
[Site "Chess.com"]
[Date "2020.06.23"]
[Round "6"]
[White "angryhorse9"]
[Black "bait_or_mate"]
[Result "0-1"]
[WhiteElo "2455"]
[BlackElo "2622"]
[TimeControl "180+1"]
[EndTime "11:05:45 PDT"]
[Termination "bait_or_mate won by resignation"]

1. e4 c5 2. Nf3 e6 3. c3 Nf6 4. e5 Nd5 5. d4 cxd4 6. cxd4 d6 7. Bd3 Bd7 8. a3 Bc6 9. O-O Nd7 10. Qe2 Qb6 11.
Nc3 Nxc3 12. bxc3 dxe5 13. Nxe5 Nxe5 14. Qxe5 Rc8 15. c4 Qc7 16. Qe2 Be7 17. Bb2 O-O 18. d5 Bd7 19. Qh5 g6 20. Qh6 e5 21.
f4 Bf6 22. fxe5 Bxe5 23. Bxe5 Qxe5 24. Rae1 Qd4+ 25. Qe3 Qxe3+ 26. Rxe3 Rfe8 27. Rfe1 Rxe3 28. Rxe3 Kf8 29. Kf2 Ba4 30. Re1 b6 31. Ke3 Ke7 32. Kd4+ Kd6 33. Rf1 Rf8 34. g4 f6 35. h4 Bd7 36. g5 f5 37. Rf4 Re8 38. h5 Re1 39. hxg6 hxg6 40. Rh4 Rg1 0-1

[Event "*** SCC Grand Prix: Titled Tuesday Blitz"]
[Site "Chess.com"]
[Date "2020.06.23"]
[Round "6"]
[White "UKR_Master"]
[Black "vanyakuba"]
[Result "1-0"]
[WhiteElo "2326"]
[BlackElo "2426"]
[TimeControl "180+1"]
[EndTime "11:05:45 PDT"]
[Termination "UKR_Master won by resignation"]

1. e4 d5 2. exd5 Qxd5 3. Nc3 Qa5 4. Nf3 Nf6 5. d4 Bg4 6. Bd2 c6 7. h3 Bh5 8. g4 Bg6 9. Ne5 e6 10. Bc4 Qc7 11. Nxg6 hxg6 12. Qf3 Bd6 13. O-O-O Nbd7 14. Bb3 Rf8 15. d5 Nxd5 16. Bxd5 cxd5 17. Nb5 Qb6 18.
Nxd6+ Qxd6 19. Kb1 O-O-O 20. Qc3+ Qc7 21. Qxg7 Nc5 22.
Bg5 Rde8 23. h4 Ne4 24. Be3 Rg8 25. Qd4 b6 26. f3 Nc5 27. Bg5 Kb7 28. h5 gxh5 29.
Rxh5 Qd7 30. Be3 Kc6 31. c4 dxc4 32. Rxc5+ 1-0

[Event "*** SCC Grand Prix: Titled Tuesday Blitz"]
[Site "Chess.com"]
[Date "2020.06.23"]
[Round "6"]
[White "volcanoexplorer"]
[Black "simplerXiao"]
[Result "1-0"]
[WhiteElo "2609"]
[BlackElo "2419"]
[TimeControl "180+1"]
[EndTime "11:05:48 PDT"]
[Termination "volcanoexplorer won by checkmate"]

1. e4 e6 2. d4 d5 3. Nc3 dxe4 4. Nxe4 Bd7 5. Nf3 Bc6 6. Nc3 Nf6 7. Ne5 Bb4 8. Bg5 Be4 9. f3 Bg6 10. Bb5+ c6 11.
Bc4 Nbd7 12. O-O Nb6 13. Bb3 c5 14. dxc5 Bxc5+ 15. Kh1 Qc7 16. Bf4 Qe7 17. Qe2 Nh5 18. Qb5+ Kf8 19. Bg3 Nxg3+ 20. hxg3 h5 21. Ne4 Bd4 22.
Nxg6+ fxg6 23. Ng5 Nd5 24. Nxe6+ Qxe6 25. Bxd5 Qd6 26.
Qxb7 Qf6 27. Qxa8+ Ke7 28. Rae1+ Kd7 29. Qb7+ Kd6 30.
Qc6# 1-0

[Event "*** SCC Grand Prix: Titled Tuesday Blitz"]
[Site "Chess.com"]
[Date "2020.06.23"]
[Round "6"]
[White "Sammed_Shete"]
[Black "ChronicUnhappiness"]
[Result "1-0"]
[WhiteElo "2570"]
[BlackElo "2362"]
[TimeControl "180+1"]
[EndTime "11:05:48 PDT"]
[Termination "Sammed_Shete won by resignation"]

1. e4 d6 2. d4 Nf6 3. Nc3 g6 4. Be3 c6 5. f3 Nbd7 6. Qd2 b5 7. a3 Qc7 8. g4 Bb7 9. Nge2 e5 10. Ng3 exd4 11. Bxd4 Ne5 12. Be2 c5 13. Bxe5 dxe5 14. Bxb5+ Bc6 15. g5 Rd8 16. Qe2 Nd7 17.
Bxc6 Qxc6 18. h4 Nb6 19. h5 Bg7 20. Qb5 Qxb5 21. Nxb5 Nc4 22. b3 Ne3 23. Rc1 a6 24. Nc7+ Kd7 25. Nxa6 Kc6 26. Kf2 Ra8 27. Nxc5 Kxc5 28.
Kxe3 Rxa3 29. Rhd1 Rc8 30. Rd7 gxh5 31. Nxh5 Bf8 32.
Rxf7 Kb4 33. Nf6 Bc5+ 34. Kd3 Bd4 35. Nd5+ Kb5 36. Rxh7 Rxb3+ 37. cxb3 Rxc1 38. g6 Rg1 39. g7 Rg2 40. Nf6 1-0

[Event "*** SCC Grand Prix: Titled Tuesday Blitz"]
[Site "Chess.com"]
[Date "2020.06.23"]
[Round "6"]
[White "iaraldinho"]
[Black "Chessdreamer2020"]
[Result "0-1"]
[WhiteElo "2541"]
[BlackElo "2502"]
[TimeControl "180+1"]
[EndTime "11:05:48 PDT"]
[Termination "Chessdreamer2020 won by resignation"]

1. e4 d6 2. d4 Nf6 3. Nc3 c6 4. f3 b5 5. Be3 Nbd7 6. Qd2 a6 7. a3 Bb7 8. g4 Nb6 9. h4 e5 10. O-O-O Nfd7 11. Qf2 exd4 12. Bxd4 c5 13. Be3 Be7 14. g5 b4 15. axb4 cxb4 16. Nb1 Qc7 17. Bd3 Nc5 18. Bxc5 dxc5 19. Nh3 c4 20. Be2 c3 21. Qh2 Qc5 22. Qf2 Qa5 23. Rd3 cxb2+ 24. Kxb2 Nc4+ 25. Kc1 Bc5 26. Rd4 Na3 27. Rhd1 O-O 28. Nf4 Rac8 29. Nxa3 bxa3 30. Nd3 Qc3 31. Nxc5 a2 32. Ra4 a1=Q+ 33. Rxa1 Qxa1+ 34. Kd2 Qa5+ 0-1

[Event "*** SCC Grand Prix: Titled Tuesday Blitz"]
[Site "Chess.com"]
[Date "2020.06.23"]
[Round "6"]
[White "51616516516"]
[Black "ChessQueen"]
[Result "0-1"]
[WhiteElo "2349"]
[BlackElo "2704"]
[TimeControl "180+1"]
[EndTime "11:05:49 PDT"]
[Termination "ChessQueen won by resignation"]

1. c4 e5 2. g3 Nf6 3. Bg2 d5 4. cxd5 Nxd5 5. Nc3 Nb6 6. a3 Be7 7. Nf3 Nc6 8. O-O Be6 9. d3 O-O 10. b4 a5 11. b5 Nd4 12. Nxd4 exd4 13. Na4 Nd5 14. Bb2 Qd7 15. Bxd4 Qxb5 16. Rb1 Qa6 17.
Bc5 Rfe8 18. Bxe7 Rxe7 19. Nc5 Qd6 20. Nxe6 Qxe6 21. Rxb7 Nc3 22. Qb3 Nxe2+ 23. Kh1 Qxb3 24. Rxb3 Rd8 25. Rb5 a4 26. Ra5 g6 27. Rxa4 Rxd3 28. h4 c5 29. Ra8+ Kg7 30. Kh2 Rc7 31. Re1 Rd2 32.
Bf1 Nd4 33. Kg2 Rc6 34. Rc1 Rf6 35. Ra4 Rfxf2+ 36. Kg1 Nf3+ 0-1

[Event "*** SCC Grand Prix: Titled Tuesday Blitz"]
[Site "Chess.com"]
[Date "2020.06.23"]
[Round "6"]
[White "akashcheck"]
[Black "zurzan"]
[Result "1-0"]
[WhiteElo "2223"]
[BlackElo "1932"]
[TimeControl "180+1"]
[EndTime "11:05:49 PDT"]
[Termination "akashcheck won by checkmate"]

1. e4 Nf6 2. e5 Nd5 3. c4 Nb6 4.
d4 d6 5. exd6 cxd6 6. Nf3 g6 7.
Nc3 Bg7 8. h3 O-O 9. Be3 Nc6 10.
Rc1 a6 11. Be2 e5 12. dxe5 Be6 13. Nd5 Bxd5 14. cxd5 Nxe5 15. O-O Nbd7 16. Qb3 b5 17. Nxe5 Nxe5 18. f4 Nd7 19. Rc6 Qe7 20. Bf3 Rfe8 21. Bf2 Nc5 22. Bxc5 dxc5 23. d6 Bd4+ 24. Kh1 Qf6 25.
Rc7 Qxf4 26. Be2 c4 27. Bxc4 bxc4 28. Qxc4 Re1 29. Rxe1 Rf8 30. Rf1 Qe3 31. Rcxf7 Bg7 32. Rxf8# 1-0

[Event "*** SCC Grand Prix: Titled Tuesday Blitz"]
[Site "Chess.com"]
[Date "2020.06.23"]
[Round "6"]
[White "VladimirBugayev"]
[Black "Grandmaster2B"]
[Result "1-0"]
[WhiteElo "2286"]
[BlackElo "2413"]
[TimeControl "180+1"]
[EndTime "11:05:50 PDT"]
[Termination "VladimirBugayev won on time"]

1. e4 c5 2. a3 d5 3. exd5 Qxd5 4. Nc3 Qd8 5. Bc4 Nf6 6. Nf3 Bf5 7. Ne5 e6 8. Qf3 Qc7 9. Bb5+ Nbd7 10. Nxd7 Nxd7 11. d3 Bd6 12. Bxd7+ Qxd7 13. Bf4 O-O 14. Bxd6 Qxd6 15. O-O b6 16. b3 Rfd8 17. Ne2 Rac8 18. Ng3 Bg6 19.
h4 h6 20. h5 Bh7 21. a4 a6 22. Rfe1 b5 23. axb5 axb5 24. Ra7 Rc7 25. Rea1 c4 26. bxc4 bxc4 27. dxc4 Bxc2 28. Qc3 Bh7 29. Rxc7 Qxc7 30. c5 Rc8 31. Ra5 f6 32. Qa3 Qd8 33. Ra7 Qd4 34. c6 1-0

[Event "*** SCC Grand Prix: Titled Tuesday Blitz"]
[Site "Chess.com"]
[Date "2020.06.23"]
[Round "6"]
[White "penguingm1"]
[Black "CarlosAlbornoz"]
[Result "1-0"]
[WhiteElo "2907"]
[BlackElo "2715"]
[TimeControl "180+1"]
[EndTime "11:05:51 PDT"]
[Termination "penguingm1 won by resignation"]

1. d4 Nf6 2. c4 g6 3. f3 Bg7 4.
e4 d6 5. Nc3 O-O 6. Nge2 c5 7.
d5 e6 8. Ng3 exd5 9. cxd5 h5 10. Bg5 Qb6 11. Qd2 Nh7 12. Bh4 g5 13. Bxg5 Nxg5 14.
Qxg5 Qxb2 15. Rc1 f6 16. Qe3 f5 17. Nxh5 f4 18. Qd2 Qxd2+ 19. Kxd2 Bd4 20. Rb1 Na6 21. Nb5 Be5 22. Be2 Bd7 23. g3 fxg3 24. hxg3 Bxb5 25. Rxb5 Rf7 26. f4 Bd4 27. Bg4 Kf8 28.
Rbb1 c4 29. Be6 Rh7 30. g4 Nc5 31. Bf5 Re7 32. Ng3 c3+ 33. Kc2 Rb8 34. Rh6 b5 35.
Rbh1 Kg8 36. e5 Bxe5 37. fxe5 Rxe5 38. Rh8+ Kf7 39. Rxb8 1-0

[Event "*** SCC Grand Prix: Titled Tuesday Blitz"]
[Site "Chess.com"]
[Date "2020.06.23"]
[Round "6"]
[White "Gerodot71"]
[Black "Grieve72"]
[Result "1-0"]
[WhiteElo "2417"]
[BlackElo "2244"]
[TimeControl "180+1"]
[EndTime "11:05:51 PDT"]
[Termination "Gerodot71 won on time"]

1. d4 d5 2. c4 e6 3. Nf3 c6 4. Qc2 Nf6 5. g3 dxc4 6. Qxc4 b5 7. Qc2 Bb7 8. Bg2 Nbd7 9. O-O c5 10. dxc5 Bxc5 11.
Rd1 Rc8 12. e3 Bxe3 13. Qe2 Bxc1 14. Nc3 Bh6 15. Nxb5 O-O 16. Nd6 Rb8 17. Nxb7 Rxb7 18. Ne5 Rc7 19. Nc6 Qe8 20. b4 Nb6 21. b5 Nfd5 22. Qc2 g6 23. a4 Nb4 24. Qb3 Nxc6 25. Bxc6 Qe7 26. a5 Nd5 27. Bxd5 exd5 28. Rxd5 Rfc8 29. Rad1 Rc1 30. h4 Qb7 31. Kh2 R1c2 32. Kg1 Kg7 33. Rd7 1-0

[Event "*** SCC Grand Prix: Titled Tuesday Blitz"]
[Site "Chess.com"]
[Date "2020.06.23"]
[Round "6"]
[White "Gabrielian_Artur"]
[Black "Parhamov"]
[Result "0-1"]
[WhiteElo "2767"]
[BlackElo "3065"]
[TimeControl "180+1"]
[EndTime "11:05:53 PDT"]
[Termination "Parhamov won by resignation"]

1. e4 c5 2. Nc3 d6 3. d4 cxd4 4. Qxd4 Nc6 5. Qd2 Nf6 6. b3 a6 7.
Bb2 e6 8. O-O-O Be7 9. f4 Qc7 10. Nf3 b5 11. Bd3 Bb7 12. Kb1 Rc8 13. g4 O-O 14. g5 Nd7 15. h4 Nc5 16. h5 b4 17.
h6 g6 18. Ne2 e5 19. Ng3 exf4 20. Qxf4 Nxd3 21. cxd3 a5 22. Rc1 a4 23. Nd4 axb3 24.
axb3 Qa5 25. Nxc6 Bxc6 26. Rhf1 Bb5 27. Qe3 Rc3 28. Qd4 Bxd3+ 29. Rc2 Bxc2+ 30. Kc1 Bxg5+ 0-1

[Event "*** SCC Grand Prix: Titled Tuesday Blitz"]
[Site "Chess.com"]
[Date "2020.06.23"]
[Round "6"]
[White "Radzio1987"]
[Black "seorobert1971"]
[Result "1-0"]
[WhiteElo "2862"]
[BlackElo "2696"]
[TimeControl "180+1"]
[EndTime "11:05:53 PDT"]
[Termination "Radzio1987 won on time"]

1. c4 e6 2. Nc3 Nf6 3. e4 c5 4. e5 Ng8 5. Nf3 Nc6 6. d4 cxd4 7. Nxd4 Nxe5 8. Ndb5 a6 9. Nd6+ Bxd6 10. Qxd6 f6 11. Be3 Ne7 12. Bb6 Nf5 13. Qb4 Qe7 14. Qb3 d6 15. f4 Nc6 16. O-O-O O-O 17. g4 Nh6 18. Rg1 Nf7 19. Kb1 Bd7 20. h4 Rfc8 21. g5 fxg5 22. hxg5 e5 23. Nd5 Bf5+ 24. Bd3 Qd7 25.
Qc2 Bxd3 26. Qxd3 Ne7 27. g6 hxg6 28. Nxe7+ Qxe7 29. Rxg6 exf4 30. Rdg1 Ne5 31. Qd5+ Kh7 32. Rxd6 Nxc4 33. Qf5+ Kg8 34. Rh6 Nd2+ 35. Ka1 1-0

[Event "*** SCC Grand Prix: Titled Tuesday Blitz"]
[Site "Chess.com"]
[Date "2020.06.23"]
[Round "6"]
[White "Superfelix"]
[Black "Shubinkirill2003"]
[Result "0-1"]
[WhiteElo "2464"]
[BlackElo "2629"]
[TimeControl "180+1"]
[EndTime "11:05:54 PDT"]
[Termination "Shubinkirill2003 won by resignation"]

1. e4 e6 2. d4 d5 3. exd5 exd5 4.
Bd3 Nc6 5. c3 Nge7 6. Nf3 Bg4 7.
O-O Qd7 8. Re1 O-O-O 9. b4 Re8 10.
a4 Ng6 11. Rxe8+ Qxe8 12. a5 Bd6 13. b5 Nd8 14. b6 a6 15. Ba3 Bxf3 16. Qxf3 Qe1+ 17. Bf1 Bxa3 18. bxc7 Kxc7 19. Rxa3 Qxb1 20. Qxd5 Re8 21. Rb3 Qd1 22. Qc5+ Kb8 23. Qd6+ Kc8 24. Rb4 Re1 25. Rc4+ Nc6 26. Rxc6+ bxc6 27. Qxc6+ Kd8 28. Qd6+ Ke8 29. Qb8+ Ke7 30. Qb7+ Kf8 31. Qxa6 h5 32.
Qc4 Nf4 33. Qc8+ Re8 34. Qc5+ Kg8 35. g3 Nd3 36. Qb5 Re1 0-1